 Dungeon Crawl Stone Soup version 0.29.1-2-gbd0b4ee654 (webtiles) character file.

Game seed: 4342482446467726457

732 Sabo the Trooper (level 7, -2/44 HPs)
             Began as a Gargoyle Berserker on Nov 12, 2022.
             Was a Believer of Trog.
             Slain by an orc
             ... wielding a +0 war axe
              (9 damage)
             ... on level 5 of the Dungeon.
             The game lasted 00:22:24 (4322 turns).

Sabo the Trooper (Gargoyle Berserker)               Turns: 4322, Time: 00:22:25

Health: -2/44      AC: 12    Str: 23    XL:     7   Next: 73%
Magic:  7/7        EV: 11    Int: 14    God:    Trog [**....]
Gold:   103        SH:  3    Dex:  9    Spells: 6/6 levels left

rFire   + . .      SeeInvis .   f - +7 hand axe of Imminent Death {freeze, rF+ rC+ Int+4}
rCold   + + +      Faith    .   h - +0 buckler
rNeg    + . .      Spirit   .   v - +3 leather armour of Xaoz Corph {*Slow rElec rC++ Int+3}
rPois   ∞          Reflect  .   j - +0 helmet
rElec   +          Harm     .   (no cloak)
rCorr   .          Rampage  .   (no gloves)
Will    .....                   (no boots)
Stlth   +.........              (no amulet)
HPRegen 0.14/turn               (no ring)
MPRegen 0.10/turn               (no ring)

@: on berserk cooldown, slowed, very slow
A: sickness immunity, AC +4, negative energy resistance 1, electricity
resistance, torment resistance 1, petrification resistance
a: Renounce Religion, Berserk, Trog's Hand


You were on level 5 of the Dungeon.
You worshipped Trog.
Trog was pleased with you.
You visited 1 branch of the dungeon, and saw 5 of its levels.

You collected 327 gold pieces.
You spent 224 gold pieces at shops.

Inventory:

Hand Weapons
 f - the +7 hand axe of Imminent Death (weapon) {freeze, rF+ rC+ Int+4}
   (You bought it in a shop on level 5 of the Dungeon)

   It freezes those it strikes, dealing additional cold damage.
   It can also slow down cold-blooded creatures.
   Int:       It affects your intelligence (+4).
   rF:        It protects you from fire.
   rC:        It protects you from cold.
 i - a +0 sling
Missiles
 c - 6 curare-tipped darts
 l - 7 boomerangs (quivered)
Armour
 h - a +0 buckler (worn)
 j - a +0 helmet (worn)
 v - the +3 leather armour of Xaoz Corph (worn) {*Slow rElec rC++ Int+3}
   (You found it on level 4 of the Dungeon)

   Int:       It affects your intelligence (+3).
   rC:        It greatly protects you from cold.
   rElec:     It insulates you from electricity.
   *Slow:     It may slow you when you take damage.
 y - a +0 scale mail of cold resistance
Scrolls
 b - a scroll of magic mapping
 g - a scroll of teleportation
 m - a scroll of noise {unknown}
 n - a scroll of identify {unknown}
 p - a scroll of summoning {unknown}
 q - a scroll of silence {unknown}
 s - a scroll of blinking
 t - a scroll of amnesia {unknown}
 w - a scroll of fog
Potions
 d - 3 potions of heal wounds {unknown}
 e - 2 potions of might {unknown}
 k - a potion of flight {unknown}
 o - a potion of berserk rage {unknown}
 r - a potion of resistance {unknown}
 x - 2 potions of mutation {unknown}


   Skills:
 + Level 4.7 Fighting
 + Level 3.6 Short Blades
 + Level 4.4 Axes
 + Level 1.3 Throwing
 + Level 4.0 Armour
 + Level 2.4 Dodging
 + Level 1.0 Stealth
 + Level 1.7 Shields


You had 6 spell levels left.
You didn't know any spells.
Your spell library was empty.

Dungeon Overview and Level Annotations

Branches:
Dungeon (5/15)
 Temple: D:4-7

Altars:
Kikubaaqudgha
Xom

Shops:
D:5 (


Innate Abilities, Weirdness & Mutations

You are immune to sickness and miasma.
Your stone body is resilient. (AC +4)
You are immune to poison.
You resist negative energy. (rN+)
You are resistant to electric shocks. (rElec)
You are resistant to unholy torment.
You are immune to petrification.


Message History

You barely miss the orc priest.
The orc priest is severely wounded.
The orc priest barely misses you.
You hit the orc priest. You freeze the orc priest.
You kill the orc priest!
Trog accepts your kill.
Your Armour skill increases to level 4!
The orc hits you with a +0 club.
The orc priest hits you but does no damage.
Items here: $ )) †.
You barely miss the orc. You slash the orc! You freeze the orc.
You kill the orc!
Trog accepts your kill.
The orc priest hits you from afar with a +0 trident.
The orc priest hits you with a +0 trident!
* * * LOW HITPOINT WARNING * * *
Things that are here:
a +0 club; 5 atropa-tipped darts; a +0 leather armour You slash the orc priest!
You freeze the orc priest.
You kill the orc priest!
Trog accepts your kill.
Your Stealth skill increases to level 1!
You slash the orc! You freeze the orc.
You kill the orc!
Trog accepts your kill.
You are no longer berserk.
You are exhausted.
You feel yourself slow down. The orc completely misses you.
The orc barely misses you. The orc hits you but does no damage.
The orc barely misses you.
Items here: )) [ ††.
You closely miss the orc. You hit the orc but do no damage.
The orc barely misses you. The orc closely misses you.
You hit the orc but do no damage. You hit the orc. You freeze the orc.
The orc hits you but does no damage. You block the orc's attack.
The orc hits you with a +2 dagger of venom.
* * * LOW HITPOINT WARNING * * *
The orc hits you with a +0 war axe!
You die...

...
.................#
###
#######.#.######.#
#..#..### #.#
#.###...# #.# #.#
###.###.# #.#
#.....# #)# #.....#
#. #)# ###.##..#
##.###@###...###.#
#....oo..#.### #.##
#....)...#.# #..#
##:.........######.#
#........<.......†.#
#.........##########
. ...........# ..
........>..# ..
###.[<.....#


You could see 2 orcs.

Vanquished Creatures
  Duvessa (D:5)
  A centaur (D:5)
  An ogre (D:5)
  A necrophage (D:5)
  A scorpion (D:5)
  Dowan (D:5)
  3 orc priests
  An iguana (D:5)
  2 orc wizards (D:4)
  3 adders
  2 worms
  4 dart slugs
  12 orcs
  3 ball pythons
  2 bats
  6 endoplasms
  3 giant cockroaches
  6 goblins
  12 hobgoblins
  4 quokkas
  3 frilled lizards
  4 kobolds
  20 rats
96 creatures vanquished.

Vanquished Creatures (others)
  6 demonic plants (D:5)
  A plant (D:4)
7 creatures vanquished.

Grand Total: 103 creatures vanquished

Notes
Turn   | Place    | Note
-------+----------+-------------------------------------------
     0 | D:1      | Sabo the Gargoyle Berserker began the quest for the Orb.
     0 | D:1      | Reached XP level 1. HP: 14/14 MP: 1/1
   192 | D:1      | Reached XP level 2. HP: 19/19 MP: 2/2
   734 | D:2      | Reached XP level 3. HP: 24/24 MP: 3/3
   962 | D:2      | Reached ** piety under Trog
  1578 | D:3      | Reached XP level 4. HP: 27/29 MP: 4/4
  2213 | D:4      | Reached XP level 5. HP: 33/33 MP: 5/5
  2439 | D:4      | Found a shimmering altar of Xom.
  2443 | D:4      | Found an ancient bone altar of Kikubaaqudgha.
  2913 | D:4      | Identified the +3 leather armour of Xaoz Corph {*Slow rElec
                  | rC++ Int+3}
  3343 | D:5      | Entered Level 5 of the Dungeon
  3343 | D:5      | Noticed an ogre
  3467 | D:5      | Noticed Dowan
  3490 | D:5      | Killed Dowan
  3491 | D:5      | Reached skill level 1 in Short Blades
  3491 | D:5      | Reached XP level 6. HP: 38/38 MP: 6/6
  3619 | D:5      | Noticed Duvessa
  3637 | D:5      | Killed Duvessa
  3638 | D:5      | Reached skill level 1 in Shields
  3939 | D:5      | Found Gyisoeru's Antique Weapon Emporium.
  3950 | D:5      | Bought a masterwork hand axe for 224 gold pieces
  3950 | D:5      | Identified the +7 hand axe of Imminent Death {freeze, rF+
                  | rC+ Int+4} (You bought it in a shop on level 5 of the
                  | Dungeon)
  4041 | D:5      | Reached XP level 7. HP: 41/44 MP: 7/7
  4120 | D:5      | Reached skill level 1 in Throwing
  4319 | D:5      | Reached skill level 1 in Stealth
  4322 | D:5      | Slain by an orc

Illustrated notes

Levels and vault maps discovered:
D:1:      dpeg_arrival_refuge, layout_rooms, minmay_tromino_v4_a
D:2:      layout_rooms
D:3:      layout_basic
D:4:      layout_basic, mainiacjoe_overflow_catwalk_spiral, serial_bayou_pond_d,
          minmay_rat_hole
D:5:      layout_rooms, serial_shops, shop, chequers_serial_rivers_room_a,
          dreamdust_princess_corridor, uniq_duvessa

Skill      XL: |  1  2  3  4  5  6  7 |
---------------+----------------------+-----
Axes           | 3 4 |  4.4
Fighting       | 4 |  4.7
Armour         | 3 4 |  4.0
Short Blades   | 1 2 3 |  3.6
Dodging        | 2 |  2.4
Shields        | 1 |  1.7
Throwing       | 1 |  1.3
Stealth        | 1 |  1.0

Action                   |  1- 3 |  4- 6 |  7- 9 || total
-------------------------+-------+-------+-------++-------
Melee: Hand axe          |   102 |    11 |    16 ||   129
       Short sword       |       |   165 |       ||   165
Throw: Boomerang         |       |    14 |     7 ||    21
Invok: Berserk           |     1 |     5 |     2 ||     8
  Use: Scroll            |     1 |     4 |       ||     5
Armor: Chain mail        |    53 |    78 |       ||   131
       Animal skin       |     1 |       |       ||     1
       Leather armour    |       |    21 |     7 ||    28
Dodge: Dodged            |    31 |    84 |    16 ||   131
Block: Buckler           |    11 |    26 |     3 ||    40
